[Event "Tuesday 17 April Rapid Engine Tour 12+1 Rounds 9 Starts 1600ST"]
[Site "Infinity Chess"]
[Date "2018.4.17"]
[Round "4"]
[White "Susanne"]
[Black "ocirema"]
[Result "1-0"]
[ECO "C55"]
[WhiteElo "2522"]
[BlackElo "2497"]
[WhiteEngine "asmFishW_IX_bmi2_CTG"]
[BlackEngine "asmFishW_2018-04-11_popcnt_CTG"]
[EventType "Swiss"]
[WhiteTeam ""]
[BlackTeam ""]
[PlyCount "157"]
[TimeControl "720+1"]

1. e4 e5 2. Nf3 Nc6 3. Bc4 Nf6 4. d3 Bc5 5. c3 d6 6. O-O a5 7. Bg5 h6 8. Bh4 O-O 
9. Nbd2 Ba7 10. Re1 g5 11. Bg3 Nh7 12. h3 g4 13. hxg4 Bxg4 14. a4 Qf6 
15. Kf1 Qg7 16. Ke2 Nf6 17. Rh1 Nh5 18. Bh2 Kh8 19. Qe1 f5 20. Kd1 fxe4 
21. dxe4 Nf4 22. Bxf4 Rxf4 23. Kc2 Raf8 24. Qe2 R8f6 25. Rh2 Nd8 26. Rah1 Ne6 
27. Bxe6 Rxe6 28. g3 Rf7 29. Qc4 Kh7 30. Nh4 Bxf2 31. Nf5 Rxf5 32. exf5 Bxf5+ 
33. Ne4 c6 34. g4 d5 35. gxf5 dxc4 36. fxe6 Be3 37. Re2 Bg5 38. Nxg5+ Qxg5 
39. Kb1 Qg6+ 40. Ka2 Qxe6 41. Rhe1 c5 42. Rxe5 Qc6 43. Re7+ Kg8 44. R7e6 Qxa4+ 
45. Kb1 Kg7 46. Rg1+ Kf7 47. Rxh6 Ke7 48. Rh7+ Ke6 49. Rh6+ Kf7 50. Re1 Kg7 
51. Rd6 b6 52. Rde6 Kh7 53. Rg1 Qd7 54. Rxb6 Qf5+ 55. Ka2 Qe4 56. Ra6 Qe7 
57. Rag6 Qf8 58. R6g5 Qh6 59. R5g4 Kh8 60. Rg6 Qh7 61. Ka3 a4 62. R1g2 Qh5 
63. Rg8+ Kh7 64. R2g7+ Kh6 65. Rh8+ Kxg7 66. Rxh5 Kg6 67. Rxc5 Kf6 68. Kxa4 Ke6 
69. Kb5 Kd6 70. Kb4 Ke6 71. Kxc4 Kd6 72. b4 Ke7 73. b5 Kf7 74. b6 Kg6 75. b7 Kh7 
76. b8=Q Kg6 77. Qb6+ Kh7 78. Rc7+ Kh8 79. Qb8# 1-0

[Event "Tuesday 17 April Rapid Engine Tour 12+1 Rounds 9 Starts 1600ST"]
[Site "Infinity Chess"]
[Date "2018.4.17"]
[Round "3"]
[White "Deep_Impact"]
[Black "ludimilojko"]
[Result "1/2-1/2"]
[ECO "C77"]
[WhiteElo "2388"]
[BlackElo "2294"]
[WhiteEngine "BrainFish_180411_x64_bmi2"]
[BlackEngine "S_XPrO.180318a.64_CTG"]
[EventType "Swiss"]
[WhiteTeam ""]
[BlackTeam ""]
[PlyCount "89"]
[TimeControl "720+1"]

1. e4 e5 2. Nf3 Nc6 3. Bb5 a6 4. Ba4 Nf6 5. O-O Be7 6. Re1 b5 7. Bb3 O-O 
8. c3 d5 9. exd5 Nxd5 10. Nxe5 Nxe5 11. Rxe5 c6 12. d4 Bd6 13. Re1 Qh4 
14. g3 Qh3 15. Be3 Bg4 16. Qd3 Rae8 17. Nd2 Re6 18. a4 Qh5 19. axb5 axb5 
20. Nf1 Bf5 21. Qd2 Bh3 22. Bd1 Qg6 23. Bf3 Qf5 24. Qd1 h5 25. Ra6 Bc7 
26. Bh1 Rf6 27. Qe2 h4 28. Bd2 Re6 29. Qf3 Rxe1 30. Bxe1 Bf4 31. Bg2 Bg4 
32. Qe4 Qc8 33. Ra1 Re8 34. Qb1 Bf5 35. Qd1 Bg4 36. Qb1 Bf5 37. Qd1 Bg4 
38. Qc2 Bf5 39. Qb3 Bd3 40. Qd1 Qf5 41. gxh4 Be2 42. Qb1 Bd3 43. Qd1 Be2 
44. Qb1 Bd3 45. Qd1 1/2-1/2

[Event "Tuesday 17 April Rapid Engine Tour 12+1 Rounds 9 Starts 1600ST"]
[Site "Infinity Chess"]
[Date "2018.4.17"]
[Round "3"]
[White "Katzenmaier"]
[Black "Thinker"]
[Result "1/2-1/2"]
[ECO "A22"]
[WhiteElo "2500"]
[BlackElo "2434"]
[WhiteEngine "Raubfisch X38a."]
[BlackEngine "BrainFish_180411_x64_modern_CTG"]
[EventType "Swiss"]
[WhiteTeam ""]
[BlackTeam ""]
[PlyCount "179"]
[TimeControl "720+1"]

1. c4 e5 2. Nc3 Nf6 3. e3 Nc6 4. Nf3 Bb4 5. Qc2 Bxc3 6. bxc3 d6 7. e4 O-O 
8. g3 a6 9. Rb1 Re8 10. d3 h6 11. a4 b6 12. Bg2 Na5 13. O-O Bd7 14. h3 Nh7 
15. Be3 Rb8 16. Kh2 Re7 17. Nh4 Re8 18. Nf5 Bxf5 19. exf5 Nf6 20. Rbd1 d5 
21. cxd5 Nxd5 22. Rfe1 c5 23. Qd2 Nxe3 24. Qxe3 Qf6 25. g4 Kf8 26. Qg3 b5 
27. axb5 axb5 28. Ra1 Nb3 29. Rab1 Na5 30. d4 cxd4 31. cxd4 Nc4 32. Bd5 Qd6 
33. Bxc4 bxc4 34. Rxb8 Rxb8 35. dxe5 Qc6 36. g5 hxg5 37. Qxg5 f6 38. Qh4 Qc7 
39. Kg1 fxe5 40. f6 Kf7 41. fxg7 Rg8 42. Kf1 Rxg7 43. Qh5+ Kf6 44. Re3 Qa5 
45. Qf3+ Ke7 46. Qb7+ Kf8 47. Qc8+ Ke7 48. Qxc4 Qa1+ 49. Re1 Qb2 50. Qc7+ Kf6 
51. Qc6+ Kf5 52. Qc8+ Kg6 53. Qe6+ Kh7 54. Qf5+ Kh6 55. Qxe5 Qxe5 56. Rxe5 Rg6 
57. Rb5 Rg8 58. Rf5 Kg6 59. Re5 Rh8 60. Kg2 Rb8 61. h4 Rb1 62. f3 Kf6 
63. Rg5 Rb8 64. Kh3 Rb1 65. Kg2 Ra1 66. Kh2 Ra3 67. Kg3 Ra1 68. Kh2 Rb1 
69. Rg4 Ra1 70. Kh3 Rb1 71. Kg2 Ra1 72. Rg5 Rb1 73. Rg3 Rb2+ 74. Kh3 Rb1 
75. Rg4 Ra1 76. Kg3 Ra8 77. h5 Kf7 78. h6 Rh8 79. Rh4 Rh7 80. Kg4 Kg8 
81. Kg5 Ra7 82. f4 Ra2 83. f5 Kh7 84. Rh1 Rb2 85. f6 Rb5+ 86. Kf4 Rb4+ 
87. Ke3 Rb3+ 88. Kd2 Rf3 89. f7 Rxf7 90. Ke3 1/2-1/2

[Event "Tuesday 17 April Rapid Engine Tour 12+1 Rounds 9 Starts 1600ST"]
[Site "Infinity Chess"]
[Date "2018.4.17"]
[Round "3"]
[White "Mr Aj"]
[Black "angriff"]
[Result "1/2-1/2"]
[ECO "A05"]
[WhiteElo "2438"]
[BlackElo "2401"]
[WhiteEngine "Houdini 6_CTG"]
[BlackEngine "DracoREX 3.07 64BIT POPCNT_CTG"]
[EventType "Swiss"]
[WhiteTeam ""]
[BlackTeam ""]
[PlyCount "126"]
[TimeControl "720+1"]

1. Nf3 Nf6 2. c4 e6 3. e3 d5 4. Nc3 b6 5. b3 Bd6 6. g3 O-O 7. Bb2 dxc4 
8. bxc4 Bb7 9. Bg2 c5 10. O-O Nc6 11. Qe2 Na5 12. Rac1 Be7 13. Rfd1 Qc8 
14. Nb1 Rd8 15. Bc3 Nc6 16. d4 Nb4 17. Ba1 Nc6 18. Bh3 Ba6 19. Bb2 Nb4 
20. a3 Nc6 21. Nc3 Qb8 22. Ng5 Na5 23. Nb5 h6 24. Nf3 Ne8 25. Ne5 Bf6 
26. Ng4 Bb7 27. Nxf6+ Nxf6 28. dxc5 bxc5 29. Bc3 Nc6 30. Bxf6 gxf6 31. Bg2 f5 
32. e4 Qe5 33. f4 Qf6 34. e5 Qe7 35. Rb1 Rab8 36. Rxd8+ Nxd8 37. Nd6 Bf3 
38. Qa2 Rxb1+ 39. Qxb1 Bxg2 40. Kxg2 f6 41. Qb5 fxe5 42. fxe5 Nf7 43. Qxc5 Qf8 
44. a4 a5 45. Qb6 Nxe5 46. c5 f4 47. Qb3 Qf6 48. Qb8+ Qf8 49. Qxf8+ Kxf8 
50. gxf4 Nd3 51. Nb7 Nxf4+ 52. Kf1 Nd3 53. h3 Ke7 54. c6 Nb2 55. Kg2 Nxa4 
56. Kf3 Nc3 57. Nxa5 Kd6 58. Kf4 e5+ 59. Ke3 Kc7 60. Nc4 Kxc6 61. Nxe5+ Kd6 
62. Nf7+ Kc5 63. Nxh6 Kd5 1/2-1/2

[Event "Tuesday 17 April Rapid Engine Tour 12+1 Rounds 9 Starts 1600ST"]
[Site "Infinity Chess"]
[Date "2018.4.17"]
[Round "3"]
[White "star99"]
[Black "Marsell"]
[Result "1/2-1/2"]
[ECO "C77"]
[WhiteElo "2443"]
[BlackElo "2456"]
[WhiteEngine "Cryptic Heroes 9.4B"]
[BlackEngine "BrainFish_180408_x64_bmi2"]
[EventType "Swiss"]
[WhiteTeam ""]
[BlackTeam ""]
[PlyCount "115"]
[TimeControl "720+1"]

1. e4 e5 2. Nf3 Nc6 3. Bb5 a6 4. Ba4 Nf6 5. d3 Bc5 6. O-O b5 7. Bb3 d6 8. c3 O-O 
9. Nbd2 Bb6 10. a4 Bd7 11. Re1 Ng4 12. Re2 Na5 13. Bd5 c6 14. Ba2 c5 15. Nf1 h6 
16. h3 Nf6 17. b4 cxb4 18. cxb4 Nc6 19. a5 Ba7 20. Rb1 Be6 21. Bxe6 fxe6 
22. Rc2 Rc8 23. Be3 Rf7 24. Bxa7 Rxa7 25. Rbc1 Rac7 26. Qe1 d5 27. N1h2 dxe4 
28. dxe4 Qe7 29. Ng4 Nxg4 30. hxg4 Nd4 31. Rxc7 Rxc7 32. Rxc7 Qxc7 33. Kh2 Nc2 
34. Qd2 Nd4 35. Kg1 Qc2 36. Qxc2 Nxc2 37. Nxe5 Nxb4 38. f4 Kf8 39. Kf2 Ke7 
40. Ke3 Kd6 41. Kd4 Nc6+ 42. Nxc6 Kxc6 43. e5 g6 44. g3 Kd7 45. Kd3 Ke7 
46. Kc3 Kd7 47. Kd3 Kd8 48. Kc2 Kc7 49. Kd3 h5 50. gxh5 gxh5 51. Kc3 Kc6 
52. Kd4 Kd7 53. Kd3 Kc6 54. Kd4 Kc7 55. Ke4 Kd8 56. Kd3 Kd7 57. Kc3 Kc6 58. Kd4 
1/2-1/2

[Event "Tuesday 17 April Rapid Engine Tour 12+1 Rounds 9 Starts 1600ST"]
[Site "Infinity Chess"]
[Date "2018.4.17"]
[Round "3"]
[White "hafaba"]
[Black "MarioDeMonti"]
[Result "1-0"]
[ECO "E61"]
[WhiteElo "2458"]
[BlackElo "2445"]
[WhiteEngine "Eman 1.70-beta21 64-bit POPCNT_CTG"]
[BlackEngine "stockfish_x64_bmi2_2018_02_18_CTG"]
[EventType "Swiss"]
[WhiteTeam ""]
[BlackTeam ""]
[PlyCount "209"]
[TimeControl "720+1"]

1. d4 Nf6 2. c4 g6 3. Nc3 d6 4. Nf3 Bg7 5. e4 O-O 6. h3 e5 7. d5 Nbd7 8. Bg5 h6 
9. Be3 Nc5 10. Nd2 a5 11. Be2 Bd7 12. g4 a4 13. h4 c6 14. g5 hxg5 15. hxg5 Nh7 
16. Rg1 cxd5 17. cxd5 Qc7 18. a3 Qa5 19. Rg3 b5 20. Kf1 Rab8 21. Na2 f5 
22. gxf6 Nxf6 23. Rxg6 Ncxe4 24. Nxe4 Nxe4 25. Bf3 Bf5 26. Bxe4 Bxe4 27. Rg3 Qc7 
28. Nc3 Bh7 29. Rc1 Qd7 30. Qh5 b4 31. Nxa4 bxa3 32. bxa3 Rb7 33. Nc3 Qf5 
34. Qxf5 Bxf5 35. a4 Bd3+ 36. Kg2 Rff7 37. Bc5 dxc5 38. Rxd3 Rb2 39. Nd1 Rb4 
40. d6 Rd7 41. Rxc5 Rb6 42. Rc8+ Kh7 43. Rh3+ Kg6 44. Rg3+ Kh7 45. Nc3 Rdxd6 
46. a5 Ra6 47. Rc5 Rdc6 48. Rb5 Bh6 49. Nd5 Rd6 50. Ne3 Re6 51. Nf5 Bf8 
52. Kf3 e4+ 53. Ke3 Re8 54. Rg5 Kh8 55. Rb1 Ra7 56. Ke2 Re6 57. Rb8 Rf6 
58. Ke3 Kh7 59. Kd4 Raf7 60. Rb5 Kh8 61. Kxe4 Ra7 62. Rb1 Rfa6 63. Rbg1 Rf7 
64. Ra1 Re6+ 65. Kf3 Ra6 66. Rh1+ Rh7 67. Ra1 Rf6 68. Kg4 Ra6 69. Rc1 Rf6 
70. f4 Ra7 71. Rc8 Kh7 72. Rc3 Kh8 73. Rc8 Raa6 74. Kf3 Kh7 75. Rc7+ Kh8 
76. Rc2 Ra7 77. Rc8 Kh7 78. Rh5+ Kg8 79. Nh6+ Kg7 80. Ng4 Rg6 81. Ne5 Rg1 
82. Kf2 Rb1 83. Rg5+ Kf6 84. Rxf8+ Ke6 85. Nc6 Rd7 86. a6 Rd3 87. Re5+ Kd6 
88. Rf6+ Kc7 89. Re7+ Rd7 90. Rxd7+ Kxd7 91. a7 Ra1 92. Nb8+ Kc7 93. Ra6 Rxa6 
94. Nxa6+ Kb7 95. Ke3 Kxa7 96. f5 Kxa6 97. f6 Ka5 98. f7 Ka4 99. f8=Q Kb5 
100. Qd6 Kc4 101. Kd2 Kb3 102. Qc5 Ka4 103. Qb6 Ka3 104. Kc3 Ka2 105. Qb2# 1-0

[Event "Tuesday 17 April Rapid Engine Tour 12+1 Rounds 9 Starts 1600ST"]
[Site "Infinity Chess"]
[Date "2018.4.17"]
[Round "3"]
[White "Longin"]
[Black "RonWeasley"]
[Result "1/2-1/2 "]
[ECO "C11"]
[WhiteElo "2465"]
[BlackElo "2467"]
[WhiteEngine "Raubfisch ME262_GTZ17b_CTG"]
[BlackEngine "BrainFish 090218_CTG"]
[EventType "Swiss"]
[WhiteTeam ""]
[BlackTeam ""]
[PlyCount "197"]
[TimeControl "720+1"]

1. e4 e6 2. d4 d5 3. Nc3 Nf6 4. e5 Nfd7 5. f4 c5 6. Nf3 Nc6 7. Be3 cxd4 
8. Nxd4 Qb6 9. Qd2 Qxb2 10. Rb1 Qa3 11. Bb5 Nxd4 12. Bxd4 a6 13. Bxd7+ Bxd7 
14. Rb3 Qe7 15. Rxb7 Rc8 16. O-O Qd8 17. f5 exf5 18. Qd3 Bc5 19. Bxc5 Rxc5 
20. Nxd5 Bc8 21. Re7+ Kf8 22. Qa3 Qa5 23. Qxa5 Rxa5 24. Rc7 Be6 25. Nf4 Rxe5 
26. Nxe6+ Rxe6 27. Rxf5 Re7 28. Rc8+ Re8 29. Rc7 Re7 30. Rc8+ Re8 31. Rfc5 Ke7 
32. R8c6 g6 33. a4 Ra8 34. Rc7+ Kf6 35. Rc4 Rhf8 36. h4 Kg7 37. Kh2 a5 
38. Kh3 Ra6 39. Rf4 Rf6 40. Rxf6 Kxf6 41. Rc5 Rd8 42. h5 Rd2 43. hxg6 hxg6 
44. c3 Re2 45. Rxa5 Re3+ 46. Kg4 Rxc3 47. Ra6+ Kg7 48. a5 Rc4+ 49. Kf3 Rc3+ 
50. Kf4 Rc4+ 51. Ke3 Rc3+ 52. Kd2 Rg3 53. Kc2 Rxg2+ 54. Kb3 Rg1 55. Rd6 f5 
56. a6 Ra1 57. Kb2 Ra5 58. Kc3 f4 59. Kd3 Kh6 60. Ke4 Kg5 61. Rd5+ Rxd5 
62. Kxd5 f3 63. a7 f2 64. a8=Q f1=Q 65. Qg8 Qf5+ 66. Kc6 Kg4 67. Qh8 g5 
68. Kd6 Kg3 69. Qc3+ Qf3 70. Qa1 g4 71. Qb1 Kf2 72. Qa2+ Qe2 73. Qa7+ Qe3 
74. Qa2+ Ke1 75. Kc7 g3 76. Qa5+ Ke2 77. Qd5 Qf4+ 78. Kb6 Kf2 79. Qa2+ Kf3 
80. Qd5+ Kf2 81. Qa2+ Kg1 82. Qa1+ Qf1 83. Qc3 g2 84. Qe5 Qf2+ 85. Kb7 Qf7+ 
86. Ka8 Qg8+ 87. Ka7 Qa2+ 88. Kb7 Qf7+ 89. Ka8 Qg8+ 90. Ka7 Qa2+ 91. Kb7 Qb1+ 
92. Ka6 Qb3 93. Qe1+ Kh2 94. Qh4+ Qh3 95. Qf4+ Kh1 96. Qe4 Qa3+ 97. Kb6 Qg3 
98. Ka6 Qd6+ 99. Kb7 1/2-1/2

[Event "Tuesday 17 April Rapid Engine Tour 12+1 Rounds 9 Starts 1600ST"]
[Site "Infinity Chess"]
[Date "2018.4.17"]
[Round "3"]
[White "CrapCleaner"]
[Black "HerzsjeMZ"]
[Result "1-0"]
[ECO "B75"]
[WhiteElo "2477"]
[BlackElo "2456"]
[WhiteEngine "Raubfisch X38b_CTG"]
[BlackEngine "S_XPrO.020418.64.POPCNT_CTG"]
[EventType "Swiss"]
[WhiteTeam ""]
[BlackTeam ""]
[PlyCount "145"]
[TimeControl "720+1"]

1. e4 c5 2. Nf3 d6 3. d4 cxd4 4. Nxd4 Nf6 5. Nc3 g6 6. Be3 Bg7 7. f3 O-O 
8. Qd2 Nc6 9. Bc4 Bd7 10. Bb3 Nxd4 11. Bxd4 b5 12. h4 a5 13. h5 a4 14. Bd5 b4 
15. Bxf6 exf6 16. Ne2 f5 17. exf5 Bxf5 18. Bxa8 Qxa8 19. Rd1 a3 20. bxa3 bxa3 
21. h6 Be5 22. O-O Qa7+ 23. Nd4 Be6 24. f4 Bf6 25. c3 Bc4 26. Rfe1 Be7 
27. Re3 Rc8 28. Rde1 Bf8 29. Re8 Rxe8 30. Rxe8 Bb5 31. Rd8 Qb6 32. Ra8 Bc6 
33. Rxa3 Bxh6 34. Rb3 Qa7 35. Kh2 Be4 36. c4 Bf8 37. Nb5 Qe7 38. Nc3 Qh4+ 
39. Kg1 d5 40. Rb8 Kg7 41. Rb5 Bd6 42. Nxd5 Bxd5 43. Rxd5 Bc7 44. Qd4+ Kg8 
45. Kf1 Qh1+ 46. Kf2 Qh4+ 47. Kf1 Qh1+ 48. Kf2 Qh4+ 49. Ke2 Qh1 50. Qe4 Qh4 
51. a4 h5 52. a5 Qf6 53. f5 g5 54. Qd4 Qe7+ 55. Qe3 Qf6 56. Kd3 h4 57. Qc5 Bg3 
58. Qd4 Qxd4+ 59. Rxd4 Bc7 60. a6 Bb6 61. Rd6 Bc5 62. Rd5 Bb6 63. c5 h3 
64. gxh3 Ba7 65. c6 Bb6 66. a7 Bxa7 67. c7 Bc5 68. c8=Q+ Kg7 69. Qxc5 g4 
70. f6+ Kxf6 71. Rd6+ Kg7 72. Qg5+ Kh8 73. Rh6# 1-0

[Event "Tuesday 17 April Rapid Engine Tour 12+1 Rounds 9 Starts 1600ST"]
[Site "Infinity Chess"]
[Date "2018.4.17"]
[Round "3"]
[White "ocirema"]
[Black "SkyPilot"]
[Result "1-0"]
[ECO "D70"]
[WhiteElo "2480"]
[BlackElo "2496"]
[WhiteEngine "asmFishW_2018-04-11_popcnt_CTG"]
[BlackEngine "stockfish_x64_bmi2_2018_04_07_CTG"]
[EventType "Swiss"]
[WhiteTeam ""]
[BlackTeam ""]
[PlyCount "68"]
[TimeControl "720+1"]

1. d4 Nf6 2. c4 g6 3. f3 c5 4. d5 d6 5. Nc3 Bg7 6. e4 O-O 7. Bg5 Nbd7 8. Be2 h6 
9. Be3 Nb6 10. a4 a5 11. Qc1 Kh7 12. Bd3 Nbd7 13. Qd2 Ne5 14. Nge2 e6 
15. dxe6 fxe6 16. O-O-O b6 17. Nf4 Qe8 18. h4 Ba6 19. b3 Nxd3+ 20. Qxd3 Rd8 
21. Qc2 Nh5 22. Nxh5 Bxc3 23. Qxc3 gxh5 24. Rd3 Rg8 25. Qd2 Qe7 26. Rd1 Qf6 
27. Kb1 d5 28. exd5 exd5 29. Rxd5 Rxd5 30. cxd5 Qg6+ 31. Ka2 Qxg2 32. d6 Qxd2+ 
33. Rxd2 Rd8 34. d7 Bf1 1-0

[Event "Tuesday 17 April Rapid Engine Tour 12+1 Rounds 9 Starts 1600ST"]
[Site "Infinity Chess"]
[Date "2018.4.17"]
[Round "3"]
[White "Murx"]
[Black "Seliga"]
[Result "1/2-1/2"]
[ECO "C50"]
[WhiteElo "2507"]
[BlackElo "2486"]
[WhiteEngine "asmFishW_2018-04-07_popcnt"]
[BlackEngine "AsmFish@A12_CTG"]
[EventType "Swiss"]
[WhiteTeam ""]
[BlackTeam ""]
[PlyCount "112"]
[TimeControl "720+1"]

1. e4 e5 2. Nf3 Nc6 3. Bc4 Bc5 4. O-O Nf6 5. d3 a5 6. c3 d6 7. Bg5 O-O 8. a4 h6 
9. Bh4 g5 10. Bg3 Kg7 11. Na3 Ne7 12. Re1 Ng6 13. d4 exd4 14. Nxd4 h5 15. f3 h4 
16. Bf2 Ne5 17. Bb3 Nh5 18. Nc4 Qf6 19. Rf1 Kg8 20. Nb5 Qe7 21. Ne3 Be6 
22. Nd4 Qf6 23. Nef5 Nf4 24. Be3 Bxd4 25. Nxd4 Rae8 26. h3 b6 27. Qc2 Bd7 
28. Kh1 Kh7 29. Rad1 Rg8 30. Rf2 Nh5 31. Ba2 Ng3+ 32. Kg1 Rg7 33. b4 Kh8 
34. b5 Be6 35. Bb3 Kg8 36. Qa2 Kh8 37. Qc2 Kg8 38. Qa2 Kh8 39. c4 Bd7 
40. Bc1 Qg6 41. Qd2 Kg8 42. Bc2 f6 43. Re1 Nh5 44. Qc3 Kh8 45. Be3 Be6 
46. Bb3 Bc8 47. Bc1 Nf4 48. Rd2 Bxh3 49. gxh3 g4 50. hxg4 Nxg4 51. Kh1 Ne5 
52. Qe3 Nh5 53. Qg1 Qh7 54. Qe3 Qg6 55. Qg1 Qh7 56. Qe3 Qg6 1/2-1/2

[Event "Tuesday 17 April Rapid Engine Tour 12+1 Rounds 9 Starts 1600ST"]
[Site "Infinity Chess"]
[Date "2018.4.17"]
[Round "3"]
[White "OlivierEvan"]
[Black "Susanne"]
[Result "1/2-1/2"]
[ECO "B20"]
[WhiteElo "2366"]
[BlackElo "2529"]
[WhiteEngine "Houdini 6"]
[BlackEngine "asmFishW_IX_bmi2_CTG"]
[EventType "Swiss"]
[WhiteTeam ""]
[BlackTeam ""]
[PlyCount "125"]
[TimeControl "720+1"]

1. e4 c5 2. c4 Nc6 3. Nc3 g6 4. f4 Bg7 5. d3 d6 6. Nf3 Nf6 7. h3 O-O 8. g4 a6 
9. a4 Nd7 10. Bg2 b6 11. O-O Rb8 12. Be3 Nd4 13. Rb1 e6 14. Qd2 Bb7 15. b4 Re8 
16. Bf2 Rf8 17. Be3 Qe7 18. Bxd4 Bxd4+ 19. Nxd4 cxd4 20. Na2 e5 21. f5 Kh8 
22. Rf3 Qd8 23. Rbf1 a5 24. R3f2 Rg8 25. fxg6 fxg6 26. Rf7 Rg7 27. Qh6 Qg8 
28. R7f3 Bc6 29. Qc1 Qd8 30. g5 Rc8 31. b5 Bb7 32. Qd2 Nc5 33. Nc1 Qe7 
34. h4 Rcg8 35. Bh3 Bc8 36. Bxc8 Rxc8 37. Qc2 Qe6 38. Qg2 Nxa4 39. Rf6 Qd7 
40. Nb3 Nc3 41. Nd2 Rgg8 42. Qf3 Qe7 43. Kh2 Na4 44. Rf7 Qd8 45. c5 Nxc5 
46. Nc4 Rg7 47. Rf6 Nd7 48. Rxd6 Qe7 49. Qh3 Re8 50. Rff6 Rc8 51. Rde6 Qb4 
52. Rf1 Rf8 53. Nd6 Kg8 54. Rxf8+ Nxf8 55. Rf6 Qd2+ 56. Kh1 Rc7 57. Qf1 Nd7 
58. Re6 Rc1 59. Re8+ Kg7 60. Re7+ Kg8 61. Re8+ Kg7 62. Re7+ Kg8 63. Re8+ 1/2-1/2

[Event "Tuesday 17 April Rapid Engine Tour 12+1 Rounds 9 Starts 1600ST"]
[Site "Infinity Chess"]
[Date "2018.4.17"]
[Round "2"]
[White "angriff"]
[Black "ludimilojko"]
[Result "1-0"]
[ECO "C50"]
[WhiteElo "2388"]
[BlackElo "2307"]
[WhiteEngine "DracoREX 3.07 64BIT POPCNT_CTG"]
[BlackEngine "S_XPrO.180318a.64_CTG"]
[EventType "Swiss"]
[WhiteTeam ""]
[BlackTeam ""]
[PlyCount "245"]
[TimeControl "720+1"]

1. e4 e5 2. Nf3 Nc6 3. Bc4 Bc5 4. O-O Nf6 5. d3 d6 6. c3 O-O 7. Bg5 h6 8. Bh4 a6 
9. a4 g5 10. Bg3 Ba7 11. b4 Ne7 12. Nbd2 Kg7 13. d4 Nh5 14. dxe5 Nxg3 
15. hxg3 dxe5 16. Re1 Ng6 17. Nf1 g4 18. N3h2 Qg5 19. Ne3 f5 20. exf5 Bxf5 
21. Nhf1 Rad8 22. Qb3 Nf4 23. Ra2 Nd3 24. Bxd3 Bxd3 25. c4 c6 26. c5 h5 
27. Nc4 Bb8 28. Nfe3 Qf6 29. b5 axb5 30. axb5 cxb5 31. Qxb5 Be4 32. Rae2 Bd3 
33. Ra2 Be4 34. Qb4 Rd4 35. Rd2 Bc6 36. Qb2 Rfd8 37. Qc2 Rxd2 38. Nxd2 Qg6 
39. Qb2 Bc7 40. Ndc4 Qe4 41. Rc1 Rd4 42. Nd2 Qg6 43. Ndc4 Qe4 44. Nd6 Bxd6 
45. cxd6 Rxd6 46. Qa3 Rd7 47. Re1 Rf7 48. Rd1 Kh7 49. Qb3 Qg6 50. Rd6 Rf6 
51. Rd8 Rf7 52. Rd6 Rf6 53. Rd8 Rf7 54. Qc3 Qf6 55. Qc2+ Kg7 56. Qd2 Qg5 
57. Ra8 Qf6 58. Ra5 Rd7 59. Qb2 Rd4 60. Qc3 Kh6 61. Ra8 Kg7 62. Qc2 Rd7 
63. Nf5+ Kf7 64. Qc4+ Bd5 65. Qc5 Kg6 66. Nh4+ Kh7 67. Qc2+ e4 68. Qc8 Be6 
69. Kh2 Re7 70. Qb8 Bc4 71. Ra5 b5 72. Qd8 Rf7 73. Qc8 Qe6 74. Qc5 Qd5 
75. Qe3 Qe5 76. Qb6 Qe6 77. Qc5 Qd5 78. Qe3 Qe5 79. Ra8 Bd5 80. Qc5 Re7 
81. Rc8 Bf7 82. Qb4 Rd7 83. Qf8 Qg7 84. Qc5 Rd5 85. Qb6 Re5 86. Rc7 Kg8 
87. Rb7 Qg5 88. Qc7 Qf6 89. Rb8+ Kh7 90. Rb6 Qe7 91. Qc8 Qg5 92. Qf8 Qg7 
93. Qb8 Qg5 94. Rb7 Kg7 95. Qc7 Qf6 96. Rb6 Re6 97. Rxb5 Kg8 98. Nf5 Kf8 
99. Qc8+ Re8 100. Qc5+ Kg8 101. Nd6 Re6 102. Rb8+ Kh7 103. Nxf7 Qxf7 
104. Ra8 Re7 105. Ra6 h4 106. Qg5 hxg3+ 107. Kxg3 Qf8 108. Rh6+ Qxh6 
109. Qxe7+ Kg8 110. Qxe4 Qd6+ 111. Kxg4 Kg7 112. f4 Qd7+ 113. Kg3 Qa7 
114. f5 Qc5 115. Kf4 Kf7 116. Qe6+ Kf8 117. Qf6+ Kg8 118. Kg5 Qc7 119. Kh5 Qh2+ 
120. Qh4 Qb8 121. Qg5+ Kf7 122. Qg6+ Kf8 123. Qf6+ 1-0

[Event "Tuesday 17 April Rapid Engine Tour 12+1 Rounds 9 Starts 1600ST"]
[Site "Infinity Chess"]
[Date "2018.4.17"]
[Round "2"]
[White "OlivierEvan"]
[Black "Deep_Impact"]
[Result "1-0"]
[ECO "C00"]
[WhiteElo "2348"]
[BlackElo "2406"]
[WhiteEngine "Houdini 6"]
[BlackEngine "BrainFish_180411_x64_bmi2"]
[EventType "Swiss"]
[WhiteTeam ""]
[BlackTeam ""]
[PlyCount "231"]
[TimeControl "720+1"]

1. e4 e6 2. Nc3 d5 3. d4 Bb4 4. e5 c5 5. a3 Bxc3+ 6. bxc3 Ne7 7. Qg4 Kf8 
8. Bd2 b6 9. Nf3 Kg8 10. a4 Nbc6 11. Bd3 Bd7 12. O-O h6 13. h4 c4 14. Be2 h5 
15. Qg3 Nf5 16. Qf4 Qe8 17. g3 Na5 18. Qg5 Bxa4 19. Ne1 g6 20. Qf4 Nc6 
21. Ra2 Nb8 22. Bf3 Bc6 23. Bg2 a5 24. Bh3 Nd7 25. Ra1 b5 26. Ng2 Rh7 
27. Bc1 Ne7 28. Ba3 Qd8 29. Qf3 Rg7 30. Bc1 Qe8 31. Bg5 Nf5 32. Nf4 Nf8 
33. Rfe1 Qd7 34. Bf6 Rh7 35. g4 Ng7 36. gxh5 Nxh5 37. Nxh5 Rxh5 38. Bg4 Rh7 
39. h5 b4 40. cxb4 axb4 41. Rxa8 Bxa8 42. Rb1 Qa4 43. Qd1 Bb7 44. Qc1 Bc6 
45. Ra1 Qb5 46. Qd2 Qb7 47. h6 Nd7 48. Bg7 Rxg7 49. hxg7 Kxg7 50. Rb1 Nf8 
51. Rxb4 Qe7 52. Rb1 Qh4 53. Qf4 Qe7 54. Qg3 Qg5 55. c3 Ba4 56. f4 Qe7 
57. Kf2 Bc2 58. Rh1 Be4 59. Bf3 Bxf3 60. Kxf3 f5 61. Qg5 Qxg5 62. fxg5 Kf7 
63. Ra1 Nd7 64. Rb1 Ke8 65. Kf4 Ke7 66. Rh1 Nf8 67. Rg1 Kf7 68. Rd1 Nd7 
69. Ra1 Ke7 70. Ra6 Kf7 71. Kg3 Ke7 72. Kf3 Nb8 73. Ra5 Nd7 74. Ra7 Ke8 
75. Ra2 Ke7 76. Rh2 Nf8 77. Rg2 Nd7 78. Kf4 Kf7 79. Ra2 Ke7 80. Ra1 Kf7 
81. Rd1 Nb6 82. Rd2 Na4 83. Rc2 Ke8 84. Ke3 Ke7 85. Kd2 Nb6 86. Ra2 Nd7 
87. Ra7 Ke8 88. Kc2 Kd8 89. Kb2 f4 90. Kc2 Ke7 91. Kd1 f3 92. Ke1 Kd8 
93. Kf2 Nb6 94. Kxf3 Nd7 95. Ke2 Ke8 96. Kd2 Ke7 97. Kc2 Ke8 98. Kb2 Kd8 
99. Ka3 Ke8 100. Rb7 Ke7 101. Kb4 Kd8 102. Kb5 Kc8 103. Ra7 Kd8 104. Kc6 Nb8+ 
105. Kd6 Kc8 106. Kxe6 Nc6 107. Rg7 Nb4 108. cxb4 c3 109. Kd6 c2 110. Rc7+ Kb8 
111. Rxc2 Kb7 112. Rc6 Kb8 113. Rb6+ Ka8 114. Kc7 Ka7 115. Rxg6 Ka8 116. Ra6# 
1-0

[Event "Tuesday 17 April Rapid Engine Tour 12+1 Rounds 9 Starts 1600ST"]
[Site "Infinity Chess"]
[Date "2018.4.17"]
[Round "2"]
[White "Thinker"]
[Black "Mr Aj"]
[Result "1/2-1/2"]
[ECO "C55"]
[WhiteElo "2434"]
[BlackElo "2438"]
[WhiteEngine "BrainFish_180411_x64_modern_CTG"]
[BlackEngine "Houdini 6_CTG"]
[EventType "Swiss"]
[WhiteTeam ""]
[BlackTeam ""]
[PlyCount "126"]
[TimeControl "720+1"]

1. e4 e5 2. Nf3 Nc6 3. Bc4 Nf6 4. d3 Bc5 5. c3 d6 6. O-O h6 7. h3 O-O 8. Re1 a5 
9. Nbd2 Be6 10. b3 Bb6 11. a4 d5 12. Bb5 Ne7 13. exd5 Nfxd5 14. Qc2 c6 
15. Bc4 Ng6 16. d4 Ndf4 17. dxe5 Nh4 18. Bf1 Bd5 19. Re4 Nfg6 20. Bc4 Re8 
21. g3 Nxf3+ 22. Nxf3 Qd7 23. Bxd5 cxd5 24. Rg4 Qc6 25. Nd4 Bxd4 26. Rxd4 Nxe5 
27. Kg2 b5 28. axb5 Qxb5 29. Qd1 Qb7 30. Rxd5 a4 31. f3 Rac8 32. Bf4 Ng6 
33. Rxa4 Rxc3 34. Rd3 Qc6 35. Rxc3 Qxc3 36. Bc1 Rc8 37. Bd2 Qd3 38. Re4 Qd5 
39. Qe1 Rc2 40. Re2 Qxb3 41. Rf2 Qc4 42. Qf1 Qd5 43. Bb4 Rxf2+ 44. Qxf2 Qd3 
45. Qd2 Qxd2+ 46. Bxd2 Ne7 47. h4 Nd5 48. g4 f6 49. Kg3 Kf7 50. Bc1 Nc3 
51. Be3 Nd5 52. Bd4 Ke6 53. h5 Ne7 54. f4 Kd5 55. Bb2 Ke4 56. Ba3 Nd5 57. f5 Ne3 
58. Bf8 Nxf5+ 59. gxf5 Kxf5 60. Kh4 g6 61. hxg6 Kxg6 62. Kg4 h5+ 63. Kh4 f5 
1/2-1/2

[Event "Tuesday 17 April Rapid Engine Tour 12+1 Rounds 9 Starts 1600ST"]
[Site "Infinity Chess"]
[Date "2018.4.17"]
[Round "2"]
[White "star99"]
[Black "MarioDeMonti"]
[Result "1/2-1/2"]
[ECO "E90"]
[WhiteElo "2443"]
[BlackElo "2445"]
[WhiteEngine "Cryptic Heroes 9.4B"]
[BlackEngine "stockfish_x64_bmi2_2018_02_18_CTG"]
[EventType "Swiss"]
[WhiteTeam ""]
[BlackTeam ""]
[PlyCount "70"]
[TimeControl "720+1"]

1. d4 Nf6 2. c4 g6 3. Nc3 Bg7 4. e4 d6 5. Nf3 O-O 6. Be2 e5 7. O-O Nc6 8. d5 Ne7 
9. b4 Kh8 10. Nd2 Ne8 11. Nb3 f5 12. f3 f4 13. a4 Nf6 14. c5 g5 15. a5 Rg8 
16. Bb2 g4 17. fxg4 Bf8 18. Nd2 Nxg4 19. Nc4 Nxh2 20. cxd6 cxd6 21. Nb5 Nxf1 
22. Nbxd6 Rxg2+ 23. Kxf1 Qd7 24. Ra3 Rg3 25. Bxe5+ Kg8 26. Rxg3+ fxg3 
27. Bxg3 Ng6 28. Nf5 Qf7 29. Qd3 Bd7 30. Kg1 Rc8 31. Qf3 Qf6 32. Nh6+ Kg7 
33. Nf5+ Kg8 34. Nh6+ Kg7 35. Nf5+ Kg8 1/2-1/2